 Dungeon Crawl Stone Soup version 0.28-a0-821-g923ab73998 (webtiles) character file.

Game seed: 15001441770298631259

88 Decritt the Chopper (level 4, -5/41 HPs)
             Began as a Hill Orc Monk on Nov 9, 2021.
             Killed by an exploding orc (34 damage)
             ... ignited by their inner flame
             ... on level 2 of the Dungeon.
             The game lasted 00:06:16 (2535 turns).

Decritt the Chopper (Hill Orc Monk)                 Turns: 2535, Time: 00:06:17

Health: -5/41      AC: 11    Str: 14    XL:     4   Next: 53%
Magic:  4/4        EV:  4    Int: 10    God:
Gold:   66         SH:  0    Dex: 13    Spells: 3/3 levels left

rFire   . . .      SeeInvis .   h - +1 club (spect)
rCold   . . .      Faith    .   (no shield)
rNeg    . . .      Spirit   .   i - +0 plate armour
rPois   .          Reflect  .   (no helmet)
rElec   .          Harm     .   (no cloak)
rCorr   .          Rampage  .   (no gloves)
Will    .....                   (no boots)
Stlth   ..........              (no amulet)
HPRegen 0.13/turn               (no ring)
MPRegen 0.09/turn               (no ring)

@: confused, ambrosia-drunk
A: no striking features
a: no special abilities


You were on level 2 of the Dungeon.
You visited 1 branch of the dungeon, and saw 3 of its levels.

You collected 66 gold pieces.

Inventory:

Hand Weapons
 a - a +0 hand axe
 e - a +2 whip of pain
 h - a +1 spectral club (weapon)
Missiles
 d - 61 stones (quivered)
Armour
 i - a +0 plate armour (worn)
Scrolls
 b - 2 scrolls of amnesia {unknown}
 c - 3 scrolls of enchant weapon {unknown}
 m - a scroll of fog {unknown}
Potions
 g - a potion of flight {unknown}
 l - a potion of haste


   Skills:
 + Level 4.6 Fighting
 + Level 5.1 Axes
 + Level 2.3 Armour
 - Level 2.4 Dodging
 - Level 1.5 Stealth


You had 3 spell levels left.
You didn't know any spells.
Your spell library was empty.

Dungeon Overview and Level Annotations

Branches:
Dungeon (3/15)

Altars:

Annotations:
D:2 Robin


Message History

* * * LOW HITPOINT WARNING * * *
Robin roars a battlecry!
The goblin goes into a battle-frenzy!
You hit Robin.
Robin is lightly wounded.
The goblin hits you but does no damage. The orc barely misses you.
The goblin hits you but does no damage.
You hit Robin.
Robin is lightly wounded.
The orc hits you but does no damage. Robin hits you but does no damage.
The goblin hits you but does no damage.
You closely miss Robin.
Robin is lightly wounded.
Robin hits you with a +0 mace.
* * * LOW HITPOINT WARNING * * *
The orc hits you with a +0 flail.
* * * LOW HITPOINT WARNING * * *
Robin hits you but does no damage. The goblin hits you with a +0 club.
* * * LOW HITPOINT WARNING * * *
The orc hits you but does no damage.
As you read the scroll labelled HAIGOL FUROBYBB, it crumbles to dust.
The creatures around you are filled with an inner flame!
It was a scroll of immolation.
The goblin hits you but does no damage. The orc hits you but does no damage.
Robin hits you but does no damage.
It was a potion of ambrosia.
You are confused.
You feel invigorated. Robin barely misses you.
The goblin hits you but does no damage. The orc hits you but does no damage.
It was a potion of heal wounds.
You feel much better. The goblin hits you with a +0 club.
The orc hits you with a +0 flail! Robin hits you with a +0 mace.
You are too confused!
You hit the orc.
Flame seeps out of the orc.
The orc is almost dead.
Robin hits you with a +0 mace. The goblin hits you but does no damage.
The orc is engulfed in blazing flames.
The orc explodes!
The fiery explosion engulfs you!!
Ouch! That really hurt!
You die...

####..............#.#.#.#..
#.................#.#.#.#.#
#.................+.....#.#
#.................#.....#.#
#.........###.###....<..#.#
#......###)...# #.#######.#
######## #[######.#.......#
################g###....#..######
..............§○@g.#...).......##
.......#####.#######...........#
##...#..##.......# ##..........#
#...##.##.#.###.# #..........#
##..[##..#....##.# #..........#
##...###.#.....#.# #..........#
##...# #.#.....#.####..........#
###### #.#.....................#
...# #.#.....................#


You could see Robin (fast, inner flame) and a goblin (inner flame, strong).

Vanquished Creatures
  Jessica (D:2)
  An adder (D:2)
  A dart slug (D:1)
  An orc (D:2)
  3 bats
  4 endoplasms
  2 giant cockroaches (D:1)
  6 goblins
  7 hobgoblins
  3 jackals (D:1)
  4 kobolds
  2 quokkas
  3 ball pythons
  3 frilled lizards (D:1)
  6 rats
47 creatures vanquished.

Notes
Turn   | Place    | Note
-------+----------+-------------------------------------------
     0 | D:1      | Decritt the Hill Orc Monk began the quest for the Orb.
     0 | D:1      | Reached XP level 1. HP: 19/19 MP: 1/1
   437 | D:1      | Reached XP level 2. HP: 27/27 MP: 2/2
   469 | D:1      | Reached skill level 1 in Armour
   885 | D:1      | Reached XP level 3. HP: 33/33 MP: 3/3
   926 | D:1      | Found a faded altar of an unknown god.
  1737 | D:2      | Noticed Jessica
  1743 | D:2      | Killed Jessica
  1744 | D:2      | Reached skill level 5 in Axes
  1744 | D:2      | Reached XP level 4. HP: 38/41 MP: 4/4
  2491 | D:3      | Noticed Robin
  2495 | D:3      | Noticed an ogre
  2535 | D:2      | Killed by an exploding orc... ignited by their inner flame

Illustrated notes

Levels and vault maps discovered:
D:1:      scummos_arrival_simple_crosswalls, layout_loops_ring,
          ebering_ecumenical_altar_webs, minmay_misc_feat_columns
D:2:      layout_basic, minmay_misc_feat_encased, uniq_jessica
D:3:      layout_rooms, uniq_robin, uniq_natasha

Skill      XL: |  1  2  3 |
---------------+----------+-----
Armour         | 1 2 |  2.3
Fighting       | 4 |  4.6
Axes           | 5 |  5.1
Dodging        | |  2.4
Stealth        | |  1.5

Action                   |  1- 3 |  4- 6 || total
-------------------------+-------+-------++-------
Melee: Hand axe          |    68 |       ||    68
       Whip              |    47 |       ||    47
       Club              |       |    29 ||    29
Throw: Stone             |    68 |     1 ||    69
  Use: Potion            |       |     2 ||     2
       Scroll            |       |     1 ||     1
Armor: Robe              |    16 |       ||    16
       Plate armour      |    23 |    59 ||    82
       Ring mail         |     2 |       ||     2
       Chain mail        |     1 |       ||     1
Dodge: Dodged            |    63 |    10 ||    73

Table legend: (Time is in decaauts)
 A = Elapsed time spent in this place.
 B = Non-inter-level travel time spent in this place.
 C = Inter-level travel time spent in this place.
 D = Time resting spent in this place.
 E = Time spent auto-exploring this place.
 F = Levels seen in this place.
 G = Mean time per level.
                   A        B        C        D        E       F      G
               +--------+--------+--------+--------+--------+-----+--------+
         Total |   2551 |   2490 |     61 |    200 |   1815 |   3 |  850.3 |
       Dungeon |   2551 |   2490 |     61 |    200 |   1815 |   3 |  850.3 |
               +--------+--------+--------+--------+--------+-----+--------+

Top non-repeatable levels by time:
     D:1: 1282 daAuts
     D:2: 932 daAuts
     D:3: 335 daAuts
